 Dungeon Crawl Stone Soup version 0.32-a0-791-gfc315c9ecd (webtiles) character file.

Game seed: 15376890861077150807

174 Dirtsage the Digger (level 5, 0/35 HPs)
             Began as a Demonspawn Earth Elementalist on Mar 20, 2024.
             Slain by a gnoll sergeant
             ... wielding a +2 heavy trident
              (14 damage)
             ... on level 3 of the Dungeon.
             The game lasted 00:04:48 (2406 turns).

Dirtsage the Digger (Demonspawn Earth Elementalist) Turns: 2406, Time: 00:04:49

Health: 0/35       AC: 10    Str:  8    XL:     5   Next: 28%
Magic:  0/8        EV: 16    Int: 17    God:
Gold:   84         SH:  0    Dex: 14    Spells: 4/8 levels left

rFire   . . .        n - +3 quarterstaff (chaos)
rCold   . . .        (shield currently unavailable)
rNeg    . . .        a - +0 robe
rPois   .            r - +0 helmet
rElec   .            m - +0 cloak
rCorr   .            (no gloves)
SInv    .            (no boots)
Will    .....        (no amulet)
Stlth   ++           g - +5 ring of evasion
HPRegen 0.25/turn    (no ring)
MPRegen 0.11/turn

%: no passive effects
@: sanguine armoured
A: powered by pain 2, sanguine armour 1, weakness stinger 1
a: no special abilities


You were on level 3 of the Dungeon.
You visited 1 branch of the dungeon, and saw 3 of its levels.

You collected 84 gold pieces.

Inventory:

Hand Weapons
 n - a +3 quarterstaff of chaos (weapon)
Armour
 a - a +0 robe (worn)
 m - a +0 cloak (worn)
 q - a +0 buckler
 r - a +0 helmet (worn)
Jewellery
 g - a +5 ring of evasion (left hand)
Wands
 i - a wand of mindburst (12)
Scrolls
 c - a scroll of teleportation {unknown}
 f - a scroll of blinking {unknown}
 k - 3 scrolls of identify {unknown}
 o - a scroll of fog {unknown}
Potions
 b - a potion of magic
 d - a potion of ambrosia {unknown}
 e - a potion of lignification {unknown}
 h - a potion of heal wounds {unknown}
 j - a potion of haste {unknown}
 l - a potion of degeneration {unknown}
 p - 2 potions of brilliance {unknown}


   Skills:
 - Level 1.7 Dodging
 - Level 1.7 Stealth
 - Level 2.0 Spellcasting
 + Level 2.3 Conjurations
 * Level 5.1 Earth Magic


You had 4 spell levels left.
You knew the following spells:

 Your Spells              Type           Power      Damage    Failure   Level
a - Sandblast             Erth           38%        2d10      2%          1
x - Stone Arrow           Conj/Erth      28%        3d8       13%         3

Your spell library contained the following spells:

 Spells                   Type           Power      Damage    Failure   Level
 Passwall                 Erth           19%        N/A       7%          3
 Brom's Barrelling Bould  Conj/Erth      14%        2d4       38%         4
 Petrify                  Alch/Erth      10%        N/A       56%         4


Dungeon Overview and Level Annotations

Branches:
Dungeon (3/15)

Altars:

Annotations:
D:2 Sigmund


Innate Abilities, Weirdness & Mutations

You sometimes gain power by taking damage.
When seriously injured, your blood forms armour. (AC +6)
You have a small tail.


Message History

The blast of sand hits the gnoll.
The gnoll is heavily wounded.
The gnoll hits you with a +0 club.
The gnoll sergeant hits you from afar with a +2 heavy trident!
The gnoll hits you with a +0 club.
Your blood congeals into armour.
You take 17 damage, and have 18/35 hp.
MASSIVE DAMAGE!!
You now have 7/8 mp.
The gnoll throws a throwing net.
The throwing net barely misses you.
You see here a throwing net.
Aiming: Sandblast (safe; 2% risk of failure)
Press: ? - help, Q - select action, (/) - cycle Shift-Dir - straight line, f/p - gnoll
Aim: a gnoll, wielding a +0 club (heavily wounded, 84% to hit)
Okay, then.
Casting: Sandblast (safe; 2% risk of failure)
Confirm with . or Enter, or press ? or * to list all spells.
Aiming: Stone Arrow (quite dangerous; 13% risk of failure)
Press: ? - help, Shift-Dir - straight line, f/p - gnoll
Aim: a gnoll, wielding a +0 club (heavily wounded, 72% to hit)
The stone arrow hits the gnoll!
You kill the gnoll!
You now have 4/8 mp.
Casting: Stone Arrow (quite dangerous; 13% risk of failure)
Confirm with . or Enter, or press ? or * to list all spells.
Okay, then.
Okay, then.
Casting: Stone Arrow (quite dangerous; 13% risk of failure)
Confirm with . or Enter, or press ? or * to list all spells.
Aiming: Stone Arrow (quite dangerous; 13% risk of failure)
Press: ? - help, Shift-Dir - straight line, f - gnoll sergeant
Aim: a gnoll sergeant, wielding a +2 heavy trident and wearing a +0 scale mail (77% to hit)
The stone arrow hits the gnoll sergeant!
The gnoll sergeant is moderately wounded.
The gnoll sergeant hits you from afar with a +2 heavy trident.
You take 5 damage, and have 14/35 hp.
You now have 1/8 mp.
Aiming: Sandblast (safe; 2% risk of failure)
Press: ? - help, Q - select action, (/) - cycle Shift-Dir - straight line, f/p - gnoll sergeant
Aim: a gnoll sergeant, wielding a +2 heavy trident and wearing a +0 scale mail (moderately wounded, 87% to hit)
The blast of sand hits the gnoll sergeant.
The gnoll sergeant is moderately wounded.
The gnoll sergeant hits you from afar with a +2 heavy trident!
You die...

...####..#....##..##..####...#
##.#
#....#.##....##g.!...#.####
#.# #..#...##..).##.####...
#.. #.# #..##..#...)).#.# #.#
#.. ##.# #..###.#..##.)#.#
###.###.. ...####..#
#.....##.g.# #.....<..
.........# #####g######
#.#.###.. ########.# #(# #.#.#
#.. #.# #@# #.#.###.. #.#
#.########..#.#### ########.#
#..........###.# .........#
##.########..#.## .........#
##...#######.#.## †######.##
#............### ..#####.#
#....######### ........#
#.#.## ..#####.######.#.#


You could see a gnoll sergeant.

Vanquished Creatures
  An orc priest (D:3)
  Crazy Yiuf (D:2)
  Natasha (D:2)
  4 gnolls
  2 adders (D:3)
  2 ribbon worms
  An orc (D:3)
  4 endoplasms
  A giant cockroach (D:1)
  3 goblins
  2 hobgoblins (D:3)
  A quokka (D:2)
  6 bats
  2 frilled lizards (D:1)
  3 kobolds
  5 rats
39 creatures vanquished.

Notes
Turn   | Place    | Note
-------+----------+-------------------------------------------
     0 | D:1      | Dirtsage the Demonspawn Earth Elementalist began the quest
                  | for the Orb.
     0 | D:1      | Reached XP level 1. HP: 13/13 MP: 3/3
   127 | D:1      | Reached skill level 3 in Earth Magic
   493 | D:1      | Gained mutation: When seriously injured, your blood forms
                  | armour. (AC +6) [demonic ancestry]
   493 | D:1      | Reached XP level 2. HP: 19/19 MP: 3/5
   757 | D:2      | Noticed Natasha
   808 | D:2      | Killed Natasha
   809 | D:2      | Reached skill level 4 in Earth Magic
   809 | D:2      | Gained mutation: You sometimes gain a little power by
                  | taking damage. [demonic ancestry]
   809 | D:2      | Reached XP level 3. HP: 7/24 MP: 0/6
   897 | D:2      | Learned a level 3 spell: Stone Arrow
   975 | D:2      | Noticed Sigmund
  1167 | D:2      | Found a faded altar of an unknown god.
  1234 | D:2      | Found a runed translucent door.
  1235 | D:2      | Noticed Crazy Yiuf
  1469 | D:2      | Killed Crazy Yiuf
  1470 | D:2      | Gained mutation: You have a small tail. [demonic ancestry]
  1470 | D:2      | Reached XP level 4. HP: 5/30 MP: 2/7
  2240 | D:3      | Gained mutation: You sometimes gain power by taking damage.
                  | [demonic ancestry]
  2240 | D:3      | Reached XP level 5. HP: 21/35 MP: 3/8
  2327 | D:3      | Reached skill level 5 in Earth Magic
  2406 | D:3      | Slain by a gnoll sergeant

Illustrated notes

Levels and vault maps discovered:
D:1:      grunt_arrival_crossed_arrows, layout_loops_corners,
          serial_bayou_crossing
D:2:      minmay_chambers_of_twos, layout_loops_ring,
          shapermc_ecumenical_altar_venn, uniq_natasha, uniq_sigmund,
          uniq_crazy_yiuf_cottage
D:3:      layout_loops_ring, minmay_misc_feat_x

Skill      XL: |  1  2  3  4  5 |
---------------+----------------+-----
Earth Magic    | 3 4 5 |  5.1
Conjurations   | 2 |  2.3
Dodging        | |  1.7
Stealth        | |  1.7
Spellcasting   | |  2.0

Action                     |  1- 3 |  4- 6 || total
---------------------------+-------+-------++-------
  Melee: Unarmed           |     6 |       ||     6
         Quarterstaff      |       |     2 ||     2
   Cast: Sandblast         |    36 |    28 ||    64
         Stone Arrow       |       |     3 ||     3
 Armour: Robe              |     9 |    10 ||    19
  Dodge: Dodged            |    25 |    13 ||    38

Table legend: (Time is in decaauts)
 A = Elapsed time spent in this place.
 B = Non-inter-level travel time spent in this place.
 C = Inter-level travel time spent in this place.
 D = Time resting spent in this place.
 E = Time spent auto-exploring this place.
 F = Levels seen in this place.
 G = Mean time per level.
                   A        B        C        D        E       F      G
               +--------+--------+--------+--------+--------+-----+--------+
         Total |   2443 |   2401 |     42 |    185 |   1893 |   3 |  814.3 |
       Dungeon |   2443 |   2401 |     42 |    185 |   1893 |   3 |  814.3 |
               +--------+--------+--------+--------+--------+-----+--------+

Top non-repeatable levels by time:
     D:2: 1054 daAuts
     D:3: 811 daAuts
     D:1: 576 daAuts
